 Dungeon Crawl Stone Soup version 0.31-a0-231-g51bb95cda3 (webtiles) character file.

Game seed: 481069466356997762

69 qw the Shooter (level 4, -4/36 HPs)
             Began as a Minotaur Hexslinger on July 6, 2023.
             Was an Initiate of Okawaru.
             Slain by a scorpion (5 damage)
             ... on level 4 of the Dungeon.
             The game lasted 00:01:29 (2194 turns).

qw the Shooter (Minotaur Hexslinger)                Turns: 2194, Time: 00:01:30

Health: -4/36      AC:  3    Str: 12    XL:     4   Next: 2%
Magic:  4/4        EV: 12    Int: 10    God:    Okawaru [......]
Gold:   145        SH:  0    Dex: 15    Spells: 4/5 levels left

rFire   . . .        Y - +4 sling
rCold   + . .        (no shield)
rNeg    + . .        j - +0 leather armour {rC+}
rPois   .            (helmet restricted)
rElec   .            (no cloak)
rCorr   .            (no gloves)
SInv    .            (no boots)
Will    .....        (no amulet)
Stlth   +            d - ring of positive energy
HPRegen 0.26/turn    (no ring)
MPRegen 0.09/turn

%: no passive effects
@: lethally poisoned (-4 -> -7)
A: horns 2, retaliatory headbutt
a: Renounce Religion


You were on level 4 of the Dungeon.
You worshipped Okawaru.
Okawaru was noncommittal.
You visited 1 branch of the dungeon, and saw 4 of its levels.

You collected 145 gold pieces.


Innate Abilities, Weirdness & Mutations

You have a pair of horns on your head.
You reflexively headbutt those who attack you in melee.


   Skills:
 - Level 2.0 Fighting
 + Level 4.5 Ranged Weapons
 - Level 2.1 Dodging
 - Level 1.0 Spellcasting
 - Level 2.0 Hexes


You had 4 spell levels left.
You knew the following spells:

 Your Spells              Type           Power      Damage    Failure   Level
a - Slow                  Hex            16%        N/A       19%         1

Your spell library contained the following spells:

 Spells                   Type           Power      Damage    Failure   Level
 Inner Flame              Hex/Fire       2%         N/A       65%         3
 Portal Projectile        Hex/Tloc       4%         N/A       65%         3
 Cause Fear               Hex            2%         N/A       88%         4

Inventory:

Hand Weapons
 Y - a +4 sling (weapon)
Armour
 i - a +0 ring mail
 j - a +0 leather armour of cold resistance (worn)
Jewellery
 d - a ring of positive energy (left hand)
Scrolls
 a - a scroll of identify
 b - 2 scrolls of torment {unknown}
Potions
 c - a potion of berserk rage {unknown}
 e - a potion of might
 f - a potion of mutation {unknown}
 g - a potion of cancellation {unknown}
 h - a potion of invisibility {unknown}
 k - a potion of enlightenment {unknown}
 l - a potion of haste {unknown}

Dungeon Overview and Level Annotations

Branches:
Dungeon (4/15)
 Temple: D:4-7

Altars:
Fedhas
Okawaru
Qazlal


Message History

A ball python comes into view.
You shoot a sling bullet.
The sling bullet hits the ball python but does no damage.
The ball python closely misses you. You furiously retaliate!
You headbutt the ball python!
You kill the ball python!
Okawaru accepts your kill.
You shoot a sling bullet. The sling bullet hits the scorpion.
The scorpion is heavily wounded.
The scorpion stings you.
You are poisoned.
The scorpion poisons you! The scorpion stings you.
You are more poisoned.
The scorpion poisons you!
You shoot a sling bullet. The sling bullet hits the scorpion.
The scorpion is heavily wounded.
You feel very sick. The scorpion stings you.
You shoot a sling bullet.
The sling bullet closely misses the scorpion.
You feel very sick. The scorpion barely misses you. x2
You shoot a sling bullet.
The sling bullet barely misses the scorpion.
You feel very sick. The scorpion stings you.
You shoot a sling bullet. The sling bullet hits the scorpion.
The scorpion is severely wounded.
You feel sick. The scorpion barely misses you.
You shoot a sling bullet. The sling bullet hits the scorpion.
The scorpion is almost dead.
You feel sick. The scorpion barely misses you. x2
You shoot a sling bullet.
The sling bullet hits the scorpion but does no damage.
The scorpion is almost dead.
You feel sick. The scorpion stings you.
You shoot a sling bullet. The sling bullet hits the scorpion.
The scorpion is almost dead.
You feel sick. The scorpion barely misses you. The scorpion stings you.
You die...

#..####..# ####.
#........# #....
#........#####.###
#....######....#
#...#...##))####
## ###........##
.. #.#..._..#
#.###.##..8..####
#.s@..##.._.....#
####............#
#............#
##..###......#
#.## #......# ...#
#......# ..###
#..}...# .##
#......# #.....##


You could see a scorpion.

Vanquished Creatures
  2 adders (D:2)
  A dart slug (D:1)
  5 ball pythons
  8 bats
  8 endoplasms
  2 giant cockroaches
  7 goblins
  2 hobgoblins
  3 quokkas
  2 frilled lizards (D:1)
  3 kobolds
  3 rats (D:1)
46 creatures vanquished.

Notes
Turn   | Place    | Note
-------+----------+-------------------------------------------
     0 | D:1      | qw the Minotaur Hexslinger began the quest for the Orb.
     0 | D:1      | Reached XP level 1. HP: 16/16 MP: 1/1
     0 | D:1      | 0 ||| qw: Version: 0.3-a-46-gb1f654a
     0 | D:1      | 0 ||| qw: Game counter: 1877
     0 | D:1      | 0 ||| qw: Melee chars always use a shield: true
     0 | D:1      | 0 ||| qw: God list: Okawaru
     0 | D:1      | 0 ||| qw: Allow faded altars: false
     0 | D:1      | 0 ||| qw: Do Orc after clearing Dungeon:15 true
     0 | D:1      | 0 ||| qw: Do second Lair branch before Depths: true
     0 | D:1      | 0 ||| qw: Lair rune preference: random
     0 | D:1      | 0 ||| qw: Goals: Normal
     0 | D:1      | 0 ||| PLANNING D:1-11
   108 | D:1      | Reached skill level 3 in Ranged Weapons
   156 | D:1      | Reached XP level 2. HP: 17/23 MP: 2/2
   319 | D:1      | Found a faded altar of an unknown god.
   913 | D:1      | 913 ||| UPGRADING to ring of positive energy.
   914 | D:1      | 914 ||| READING 2 scrolls labelled QECUBE VYNEA.
   915 | D:1      | 915 ||| READING scroll labelled LEOMYHU WYUNK.
   920 | D:1      | 920 ||| READING 3 scrolls labelled ZEXAMI UNKIDUE.
   921 | D:1      | 921 ||| READING 2 scrolls of enchant weapon.
   921 | D:1      | 921 ||| ENCHANTING +2 sling.
   922 | D:1      | 922 ||| READING scroll of enchant weapon.
   922 | D:1      | 922 ||| ENCHANTING +3 sling.
   923 | D:1      | 923 ||| READING scroll labelled NUKHUA YCLUG.
   924 | D:1      | 924 ||| DROPPING scroll of poison.
  1283 | D:2      | Found a stormy altar of Qazlal.
  1290 | D:2      | Reached XP level 3. HP: 29/29 MP: 3/3
  1343 | D:2      | HP: 6/29 [poisoned by an adder]
  1348 | D:2      | HP: 2/29 [poisoned by an adder]
  1626 | D:2      | Reached skill level 4 in Ranged Weapons
  2024 | D:2      | 2024 ||| UPGRADING to +0 leather armour of cold resistance.
  2034 | D:2      | 2034 ||| DROPPING +0 robe.
  2035 | D:2      | 2035 ||| READING scroll labelled RIRCHY XIMP.
  2036 | D:2      | 2036 ||| READING scroll labelled ZANENT JAOFFYELOE.
  2037 | D:2      | 2037 ||| READING 2 scrolls of identify.
  2037 | D:2      | 2037 ||| IDENTIFYING brown potion
  2061 | D:3      | You fall into a shaft and drop 1 floor!
  2067 | D:4      | Found a blossoming altar of Fedhas.
  2072 | D:4      | Found an iron altar of Okawaru.
  2073 | D:4      | 2073 ||| PLANNING OKAWARU WORSHIP
  2108 | D:4      | Became a worshipper of Warmaster Okawaru
  2109 | D:4      | 2109 ||| PLANNING D:1-11
  2150 | D:4      | Reached XP level 4. HP: 36/36 MP: 4/4
  2184 | D:4      | Noticed a scorpion
  2190 | D:4      | HP: 8/36 [scorpion (6)]
  2193 | D:4      | HP: 3/36 [poisoned by a scorpion]
  2194 | D:4      | HP: 1/36 [poisoned by a scorpion]
  2194 | D:4      | Slain by a scorpion

Levels and vault maps discovered:
D:1:      minmay_arrival_up_and_down, layout_loops_corners,
          dreamdust_ecumenical_altar_grove
D:2:      minmay_door_path, layout_basic, basic_altar
D:3:      layout_rooms, mainiacjoe_overflow_brackets, minmay_puff
D:4:      layout_rooms, mainiacjoe_overflow_catwalk,
          nicolae_dithmenos_through_a_glass_darkly,
          chequers_temple_overflow_statue_of_worship, gammafunk_ghost_grave,
          corexii_shack, solitary_fountain, minmay_manual_monstrance

Skill      XL: |  1  2  3 |
---------------+----------+-----
Ranged Weapons | 3 4 |  4.5
Fighting       | 2 |  2.0
Dodging        | |  2.1
Spellcasting   | |  1.0
Hexes          | |  2.0

Action                     |  1- 3 |  4- 6 || total
---------------------------+-------+-------++-------
   Fire: Sling             |   108 |    10 ||   118
    Use: Scroll            |     9 |       ||     9
 Armour: Robe              |     7 |       ||     7
         Leather armour    |     2 |       ||     2
  Dodge: Dodged            |    31 |     7 ||    38

Table legend:
 A = Non-vault XP
 B = Vault XP
 C = Vault XP percentage of total XP
 D = Non-vault monster count
 E = Vault monster count
 F = Vault count percentage of total count
                 A         B        C        D         E       F
            +---------+---------+-------+---------+---------+-------
      Total |      91 |       8 |   8.1 |      42 |       4 |   8.7
            +---------+---------+-------+---------+---------+-------
        D:1 |      39 |       0 |   0.0 |      22 |       0 |   0.0
        D:2 |      45 |       6 |  11.8 |      16 |       3 |  15.8
        D:4 |       7 |       2 |  22.2 |       4 |       1 |  20.0
            +---------+---------+-------+---------+---------+-------
